Map: Lerilak Crest

Players

MarineLorD

  • Race: Terran Terran

viOLet - Winner!

  • Race: Zerg Zerg

Event: 2016 WCS Winter Circuit Championship

VOD

https://www.youtube.com/watch?v=PCaVcn4wJTc

Description

Time

  • Played on: March 3, 2016, 2:50 p.m.
  • Length: 25:15

All games in this series

Show
View Real Time Build Order
Export as new Build Order

MarineLorD Terran 

Build Orders: Reaper Expand, Hellion Banshee 

Get SALT Encoding   

  12  0:00  SCV  
  13  0:12  SCV  
  14  0:16  Supply Depot  
  14  0:24  SCV  
  15  0:38  SCV  
  15  0:40  Barracks  
  16  0:43  Refinery  
  16  0:50  SCV  
  17  1:02  SCV  
  18  1:14  SCV  
  19  1:26  Orbital Command  
  19  1:27  Reaper  
  20  1:39  Command Center  
  20  1:47  Supply Depot  
  20  1:52  SCV  
  21  1:59  Marine  
  22  2:04  SCV  
  23  2:11  Factory  
  23  2:16  SCV  
  23  2:18  Refinery  
  23  2:21  Barracks Reactor  
  24  2:28  SCV  
  25  2:40  SCV  
  26  2:51  Orbital Command  
  26  2:53  SCV  
  26  2:58  Starport  
  27  3:03  Hellion x2  
  27  3:04  Barracks Tech Lab  
  27  3:05  SCV  
  32  3:10  Supply Depot  
  32  3:17  SCV  
  32  3:19  SCV  
  34  3:25  Hellion x2  
  38  3:29  SCV  
  38  3:31  SCV  
  38  3:33  Supply Depot, Marine  
  41  3:43  SCV  
  41  3:47  Hellion x2  
  46  3:49  SCV  
  46  3:52  Cloaking Field  
  46  3:55  Banshee, SCV  
  51  3:57  Supply Depot  
  51  4:00  Marine  
  52  4:07  SCV  
  53  4:11  Hellion x2  
  53  4:16  SCV  
  58  4:19  Supply Depot, SCV  
  59  4:28  SCV  
  60  4:31  SCV  
  60  4:38  Banshee  
  64  4:40  SCV, Armory  
  64  4:43  Supply Depot, SCV  
  64  4:44  Hellion  
  64  4:45  Hellion  
  70  4:52  SCV  
  71  4:55  SCV  
  72  5:06  Hellion x2  
  74  5:07  SCV  
  74  5:13  Command Center  
  75  5:20  SCV  
  74  5:21  Banshee  
  74  5:22  SCV  
  74  5:27  Hellion x2  
  82  5:29  Supply Depot  
  82  5:32  SCV, Bunker  
  82  5:34  SCV  
  84  5:36  Refinery x2  
  84  5:37  Terran Ship Weapons Level 1  
  84  5:46  SCV x2  
  86  5:51  Supply Depot, Hellion x2  
  86  5:52  Supply Depot  
  90  5:58  Supply Depot, SCV  
  90  5:59  SCV  
  92  6:09  Engineering Bay  
  92  6:10  SCV  
  92  6:11  SCV  
  94  6:13  Banshee, Hellion x2  
  101  6:21  Starport  
  101  6:23  SCV x2, Starport  
  103  6:27  Orbital Command  
  103  6:35  Hellion, SCV  
  103  6:36  Hellion  
  103  6:39  SCV  
  109  6:40  Starport  
  109  6:41  Starport  
  109  6:47  SCV  
  109  6:50  Missile Turret  
  109  6:52  Missile Turret  
  109  6:53  SCV  
  112  6:59  SCV  
  112  7:00  Starport Reactor  
  112  7:01  Starport Reactor  
  112  7:05  SCV  
  113  7:11  SCV  
  113  7:15  Hellion  
  110  7:17  Missile Turret, SCV  
  110  7:20  Refinery  
  109  7:23  SCV  
  109  7:24  Refinery, Hellion  
  109  7:25  Starport Tech Lab, Starport Reactor  
  109  7:29  Orbital Command  
  107  7:35  SCV  
  107  7:37  Hellion  
  110  7:39  Banshee  
  110  7:40  Liberator x2  
  110  7:42  Liberator  
  111  7:45  Hellion  
  111  7:47  SCV  
  112  7:56  Banshee  
  112  7:58  Hellion, Missile Turret  
  123  7:59  SCV  
  121  8:07  Liberator  
  121  8:11  SCV, Terran Ship Weapons Level 2  
  121  8:12  SCV  
  123  8:17  Liberator  
  123  8:18  SCV  
  124  8:22  Banshee  
  124  8:24  SCV  
  132  8:27  Liberator x2  
  132  8:30  SCV  
  132  8:32  Supply Depot  
  135  8:35  Supply Depot  
  135  8:37  Hellion x2  
  139  8:43  Liberator  
  139  9:03  Supply Depot  
  139  9:06  Liberator  
  139  9:08  Hellion x2  
  127  9:14  Banshee x2  
  131  9:25  SCV x2  
  131  9:26  SCV  
  132  9:37  SCV x2  
  134  9:38  SCV  
  135  9:49  SCV x2  
  135  9:50  SCV  
  138  9:57  Banshee  
  141  10:01  Liberator x2  
  144  10:10  Missile Turret  
  144  10:13  Supply Depot  
  139  10:14  Command Center  
  139  10:16  Banshee  
  143  10:30  Hellion x2  
  143  10:32  SCV  
  145  10:47  Missile Turret  
  145  10:49  Banshee  
  147  10:52  Hellion x2  
  150  11:02  Factory  
  150  11:06  Banshee  
  153  11:13  Hellion x2  
  153  11:14  Missile Turret  
  157  11:22  Supply Depot  
  157  11:23  Supply Depot x2  
  157  11:24  Liberator x2, Terran Vehicle And Ship Armor Level 1  
  157  11:25  Supply Depot  
  157  11:28  Liberator x2  
  157  11:30  Liberator  
  157  11:34  Hellion  
  157  11:35  Hellion  
  152  11:50  Liberator x3  
  155  11:56  Hellion x2  
  157  12:07  Liberator  
  139  12:17  Hellion  
  138  12:23  Liberator  
  138  12:25  Factory Reactor  
  141  12:31  Missile Turret  
  141  12:32  Missile Turret, Fusion Core  
  141  12:33  Missile Turret  
  141  12:34  Refinery  
  141  12:35  Liberator  
  141  12:36  Missile Turret  
  141  12:37  Refinery, Hellion  
  141  12:39  Hellion  
  144  12:52  Liberator  
  147  12:59  Hellion  
  147  13:00  Hellion  
  147  13:02  Planetary Fortress  
  147  13:04  Hellion x2  
  150  13:20  Hellion  
  150  13:21  Hellion  
  150  13:22  Terran Ship Weapons Level 3  
  150  13:25  Hellion x2  
  150  13:27  Liberator  
  158  13:33  Command Center  
  158  13:34  Liberator  
  158  13:37  Liberator  
  158  13:41  Hellion  
  158  13:43  Hellion  
  158  13:47  Hellion  
  158  13:48  Liberator  
  163  13:55  Liberator  
  161  14:07  Hellion x3  
  161  14:08  Hellion  
  161  14:09  Liberator x2  
  175  14:17  Liberator  
  175  14:19  Missile Turret  
  175  14:21  Missile Turret  
  175  14:22  Missile Turret  
  175  14:28  Hellion  
  175  14:29  Hellion x2  
  184  14:35  Liberator x2  
  184  14:36  Hellion  
  187  14:41  Command Center  
  187  14:50  Hellion  
  192  14:57  Hellion x2  
  199  15:05  Liberator x2  
  199  15:13  Liberator x2  
  185  15:24  Liberator  
  182  15:29  Liberator  
  182  15:33  Hellion x3  
  163  15:38  Liberator  
  153  15:43  Hellion  
  147  15:54  Hellion  
  142  15:59  Hellion x2  
  142  16:03  Hellion x6  
  146  16:05  Liberator  
  146  16:06  Hellion  
  146  16:10  Liberator  
  130  16:13  Advanced Ballistics  
  130  16:15  High Capacity Fuel Tanks  
  130  16:16  Hellion  
  127  16:20  Hellion x2  
  129  16:28  Hellion  
  129  16:30  Marine  
  130  16:37  Hellion  
  120  16:41  Hellion x2  
  120  16:44  Planetary Fortress  
  121  16:50  Refinery  
  121  16:51  Terran Vehicle And Ship Armor Level 2  
  121  16:52  Refinery  
  121  16:53  Hellion  
  119  16:59  SCV x2  
  120  17:03  SCV  
  120  17:08  Viking  
  120  17:11  SCV  
  120  17:15  SCV, Missile Turret  
  116  17:21  Banshee  
  121  17:23  SCV  
  121  17:26  SCV  
  122  17:31  Missile Turret  
  122  17:34  SCV  
  122  17:35  SCV  
  124  17:40  Banshee  
  124  17:43  Viking x3  
  132  17:55  SCV  
  132  17:56  SCV x3  
  133  17:59  SCV  
  134  18:08  Orbital Command, SCV x2  
  134  18:11  Hellion  
  138  18:16  Hellion  
  139  18:20  SCV  
  139  18:23  Viking  
  142  18:28  SCV  
  142  18:29  SCV  
  142  18:32  SCV  
  142  18:33  SCV  
  142  18:42  SCV  
  142  18:44  Hellion x2, SCV  
  142  18:47  SCV  
  149  18:48  SCV  
  149  18:51  SCV  
  149  18:53  Banshee  
  138  18:56  SCV  
  138  18:57  Hellion  
  138  18:59  Liberator x2  
  134  19:04  Liberator x2  
  134  19:11  Liberator x2  
  128  19:36  Banshee  
  120  20:01  Liberator  
  120  20:02  Liberator x2  
  120  20:03  Banshee  
  123  20:19  Liberator, Banshee  
  135  20:25  Orbital Command  
  123  20:37  Hellion  
  108  21:05  Hellion  
  101  21:15  Hellion  
  83  21:36  Hellion  
  85  21:57  Hellion  
  83  22:09  Hellion  
  85  22:15  Orbital Command  
  85  22:21  Liberator  
  79  22:35  SCV  
  81  22:49  Liberator x2  
  78  23:05  Liberator  
  75  23:08  Liberator  
  81  23:16  Liberator  
  81  23:21  Orbital Command  
  90  23:41  Liberator x2  
  90  23:42  Engineering Bay  
  90  23:43  Orbital Command  
  93  24:06  Liberator  
  93  24:09  SCV  
  94  24:11  SCV, Missile Turret  
  94  24:14  SCV  
  95  24:21  SCV  
  95  24:23  SCV  
Show
View Real Time Build Order
Export as new Build Order

viOLet Zerg - Winner!

Build Orders: Hatch First 

Get SALT Encoding   

  12  0:00  Drone  
  13  0:12  Overlord  
  13  0:18  Drone  
  14  0:31  Drone x2  
  14  0:34  Drone  
  17  0:52  Hatchery  
  17  0:54  Drone  
  17  0:58  Drone  
  18  1:09  Extractor  
  17  1:14  Spawning Pool  
  17  1:16  Drone  
  17  1:19  Drone  
  18  1:28  Drone  
  19  1:39  Overlord  
  19  2:00  Queen  
  21  2:01  Zergling x4  
  21  2:03  Queen  
  21  2:04  Zergling x2  
  26  2:09  Metabolic Boost  
  26  2:13  Drone  
  26  2:15  Drone  
  29  2:22  Drone  
  30  2:30  Drone  
  30  2:36  Queen  
  32  2:39  Queen  
  34  2:45  Overlord  
  34  2:46  Drone x2  
  36  3:00  Overlord  
  36  3:07  Drone x3  
  36  3:08  Drone x2  
  36  3:09  Drone x2  
  36  3:12  Drone  
  44  3:25  Drone  
  45  3:31  Drone x2  
  45  3:32  Hatchery  
  46  3:39  Lair  
  46  3:40  Drone  
  47  3:43  Drone x3  
  49  3:50  Roach Warren  
  49  3:51  Drone x2  
  49  3:54  Drone  
  51  3:57  Overlord  
  51  4:00  Extractor x2  
  51  4:02  Drone x2  
  51  4:07  Drone  
  52  4:11  Overlord  
  52  4:12  Overlord  
  52  4:17  Evolution Chamber  
  51  4:24  Drone x2  
  51  4:25  Drone  
  51  4:30  Roach x3  
  51  4:31  Roach  
  62  4:37  Glial Reconstitution  
  62  4:38  Spore Crawler  
  62  4:44  Queen  
  63  4:49  Roach x3  
  69  4:53  Roach x2  
  69  4:58  Roach  
  69  4:59  Roach  
  77  5:03  Roach  
  77  5:05  Overseer  
  77  5:09  Roach  
  79  5:14  Drone  
  79  5:16  Drone x2  
  79  5:19  Queen  
  80  5:25  Spore Crawler  
  80  5:26  Drone  
  77  5:32  Zerg Ground Armor Level 1  
  77  5:33  Drone x2  
  78  5:37  Drone  
  78  5:40  Drone x2  
  78  5:41  Drone  
  82  5:51  Overlord  
  82  5:58  Spore Crawler, Overlord x2  
  82  6:02  Drone  
  82  6:03  Queen  
  82  6:08  Drone  
  82  6:09  Queen  
  82  6:10  Drone x2  
  82  6:11  Drone x4  
  90  6:15  Drone  
  90  6:17  Drone x3  
  91  6:19  Drone  
  91  6:22  Drone x2  
  94  6:25  Burrow  
  94  6:26  Tunneling Claws  
  94  6:30  Drone x4  
  98  6:36  Roach x3  
  98  6:38  Overlord  
  104  6:40  Overlord  
  104  6:46  Overlord  
  104  6:47  Overlord  
  104  6:51  Drone, Extractor  
  104  6:52  Drone  
  105  6:57  Drone  
  105  6:58  Extractor, Drone x2  
  105  6:59  Extractor  
  106  7:03  Drone x2  
  106  7:06  Drone  
  109  7:09  Roach x5  
  109  7:12  Roach  
  121  7:18  Overseer  
  121  7:20  Roach  
  121  7:21  Roach  
  125  7:22  Roach  
  125  7:23  Queen, Roach  
  125  7:24  Queen  
  125  7:32  Roach x2  
  125  7:33  Overlord x3  
  125  7:36  Queen  
  127  7:40  Roach x11  
  127  7:43  Roach x2  
  125  7:48  Roach  
  123  7:53  Zerg Ground Armor Level 2  
  123  7:56  Evolution Chamber  
  123  7:57  Drone x6  
  126  8:06  Drone x5  
  126  8:07  Hatchery  
  126  8:12  Overlord  
  130  8:14  Spire  
  130  8:17  Drone x2  
  127  8:31  Spore Crawler x2  
  127  8:32  Spore Crawler, Extractor  
  127  8:33  Spore Crawler x2, Roach x6  
  119  8:35  Spore Crawler, Extractor  
  119  8:36  Roach x7  
  129  8:45  Roach  
  131  8:55  Roach x7  
  138  9:12  Hatchery, Drone  
  138  9:16  Roach x4  
  142  9:25  Drone x25  
  142  9:26  Drone  
  142  9:27  Infestation Pit  
  129  9:43  Hatchery  
  124  9:49  Corruptor x7  
  124  9:51  Roach x9  
  134  10:00  Drone  
  134  10:01  Drone x4  
  137  10:08  Hive  
  137  10:19  Drone  
  138  10:23  Roach  
  138  10:25  Overlord  
  136  10:29  Overlord  
  130  10:36  Drone  
  130  10:37  Drone x6  
  127  10:50  Corruptor  
  127  10:51  Corruptor  
  127  10:53  Roach x2  
  127  10:56  Corruptor  
  129  11:06  Spore Crawler  
  124  11:14  Corruptor x5  
  134  11:20  Viper x2  
  140  11:29  Corruptor  
  140  11:30  Corruptor x2  
  138  11:41  Roach  
  138  11:46  Roach x2  
  134  11:47  Roach x2  
  134  11:52  Roach x7  
  151  11:58  Drone x3  
  150  12:07  Roach x2  
  143  12:09  Drone x7  
  143  12:10  Drone x6  
  147  12:17  Drone  
  148  12:25  Viper x2  
  148  12:28  Viper x2  
  160  12:35  Pneumatized Carapace  
  160  12:38  Hatchery  
  160  12:39  Overseer  
  159  13:01  Overlord x2  
  159  13:07  Overlord x3  
  151  13:21  Mutalisk x8  
  163  13:28  Overseer  
  163  13:30  Spore Crawler  
  162  13:36  Greater Spire  
  160  13:42  Hatchery  
  153  13:52  Viper x2  
  152  14:02  Roach x4  
  150  14:03  Roach x7  
  150  14:04  Roach x13  
  188  14:25  Hatchery  
  187  14:52  Zerg Flyer Weapons Level 1  
  161  15:33  Corruptor x3  
  161  15:34  Extractor  
  147  15:37  Corruptor  
  137  15:51  Corruptor  
  137  15:52  Corruptor x11  
  152  16:04  Corruptor  
  152  16:06  Roach  
  152  16:07  Roach  
  138  16:14  Corruptor x3  
  136  16:26  Viper x2  
  136  16:27  Viper  
  139  16:33  Roach x3  
  139  16:39  Drone  
  138  16:45  Drone x5  
  137  16:47  Roach x3  
  137  16:49  Drone x2, Swarm Host  
  137  16:50  Extractor  
  139  16:59  Corruptor  
  133  17:08  Corruptor x2  
  133  17:09  Corruptor, Roach x2  
  133  17:13  Drone x2  
  141  17:17  Overseer x2  
  141  17:27  Drone x3  
  138  17:38  Drone x4  
  142  17:45  Roach x6  
  142  17:50  Spore Crawler x2  
  152  17:52  Spore Crawler, Viper x2, Roach  
  152  17:54  Roach  
  154  18:03  Roach x7  
  154  18:05  Drone x2  
  170  18:06  Drone  
  169  18:26  Roach x10  
  187  18:32  Drone x2  
  187  18:34  Extractor  
  187  18:35  Viper  
  187  18:36  Drone x2, Extractor  
  183  18:59  Drone x13  
  189  19:27  Overlord  
  186  19:36  Overlord x2  
  186  19:37  Viper  
  185  19:55  Overlord  
  177  20:00  Roach  
  177  20:01  Roach x2  
  169  20:17  Roach x8  
  183  20:29  Hatchery, Viper x2  
  183  20:30  Roach x10  
  164  20:45  Corruptor  
  164  20:46  Corruptor x5  
  174  20:52  Drone x2  
  174  20:55  Corruptor x2  
  174  20:56  Zergling x14  
  169  21:05  Drone  
  169  21:06  Drone x3  
  169  21:09  Corruptor x2  
  167  21:15  Queen x3  
  167  21:18  Roach x3  
  158  21:19  Roach x3  
  138  21:39  Corruptor x4  
  129  21:44  Queen  
  135  21:50  Overseer  
  127  21:54  Roach  
  127  21:59  Roach  
  127  22:00  Roach x2  
  122  22:18  Corruptor x4  
  121  22:26  Drone x10  
  125  22:33  Queen x2  
  129  22:43  Corruptor  
  131  22:45  Drone x2  
  127  22:56  Drone x4  
  128  23:07  Drone x5  
  133  23:12  Extractor  
  130  23:31  Brood Lord x2  
  130  23:32  Brood Lord  
  136  23:48  Roach x2  
  140  23:52  Roach  
  140  23:53  Roach x4  
  149  24:05  Roach  
  150  24:23  Spore Crawler  
  149  24:31  Drone  
  149  24:32  Drone x5  
Tags
 
Add a new tag
Caveats
  • Supply blocks, unpowered buildings, or Contaminate may cause inaccurate times.
  • Supply counts are checked every 10 seconds.